Map: 2000 Atmospheres LE

Players

A.I. 1 (Very Easy)

  • Race: Terran Terran

DieCesar - Winner!

  • Race: Protoss Protoss
  • League: Diamond

VOD

Have the link to the VOD?

Description

Time

  • Played on: July 9, 2021, 4:02 a.m.
  • Length: 11:15
Show
View Real Time Build Order
Export as new Build Order

A.I. 1 (Very Easy) Terran 

Build Orders:  

Get SALT Encoding   

  12  0:00  SCV  
  13  0:13  SCV  
  14  0:18  Supply Depot  
  14  0:37  Refinery  
  14  0:42  Barracks  
  14  1:03  Supply Depot  
  14  1:11  Refinery  
  14  1:29  Marine, Orbital Command  
  15  1:54  SCV  
  16  2:06  SCV, Marine  
  18  2:18  SCV  
  19  2:30  SCV  
  20  2:42  SCV  
  20  2:44  Marine  
  22  2:55  SCV  
  22  5:07  SCV  
  23  6:05  SCV, Marine  
  23  6:07  Supply Depot  
  23  6:09  Factory  
  25  6:28  SCV  
  25  6:31  Supply Depot  
  26  6:34  Command Center  
  26  6:36  Barracks Tech Lab  
  26  6:41  SCV  
  24  6:54  Marine  
  24  6:55  Starport  
  25  7:26  Marine  
  26  7:32  Starport Tech Lab  
  26  7:48  SCV  
  27  7:52  Raven  
  27  7:55  Refinery, SCV  
  27  7:58  Marauder, Refinery  
  32  8:02  SCV  
  33  8:09  SCV  
  34  8:16  SCV  
  35  8:23  SCV  
  36  8:29  Marine  
  36  8:30  SCV  
  38  8:35  Raven  
  38  8:38  SCV  
  41  8:45  SCV  
  41  8:52  SCV  
  41  9:00  SCV, Marine  
  43  9:07  SCV  
  44  9:14  SCV  
  45  9:21  SCV  
  46  9:28  SCV  
  47  9:35  SCV  
  48  9:43  SCV  
  49  9:50  SCV  
  50  10:28  Marine  
  45  10:37  SCV  
  23  10:49  SCV  
Show
View Real Time Build Order
Export as new Build Order

DieCesar Protoss - Winner!

Build Orders: 1 Gate Expand, Blink Stalkers, Colossus Rush 

Get SALT Encoding   

  12  0:00  Probe  
  13  0:12  Probe  
  14  0:17  Pylon  
  14  0:25  Probe  
  15  0:36  Gateway  
  15  0:37  Probe (Chrono Boost)  
  16  0:47  Probe (Chrono Boost)  
  17  0:52  Probe  
  17  0:54  Assimilator  
  18  1:05  Probe  
  19  1:17  Probe  
  20  1:24  Cybernetics Core  
  20  1:34  Nexus  
  20  1:38  Pylon  
  20  1:41  Probe  
  20  1:46  Assimilator  
  21  1:53  Probe  
  22  1:59  Adept (Chrono Boost)  
  24  2:01  Warp Gate  
  24  2:05  Probe  
  25  2:18  Probe  
  26  2:23  Stalker  
  28  2:30  Probe  
  28  2:35  Shield Battery  
  29  2:40  Twilight Council  
  29  2:43  Probe (Chrono Boost)  
  30  2:47  Probe (Chrono Boost)  
  31  2:54  Probe (Chrono Boost)  
  31  2:55  Probe (Chrono Boost)  
  31  2:58  Robotics Facility, Probe (Chrono Boost)  
  33  3:01  Probe  
  35  3:10  Probe  
  36  3:13  Probe  
  37  3:21  Gateway  
  37  3:22  Gateway, Probe  
  37  3:25  Probe  
  39  3:28  Blink (Chrono Boost)  
  39  3:34  Probe  
  40  3:40  Probe  
  41  3:41  Pylon  
  41  3:42  Pylon  
  41  3:46  Probe, Observer  
  43  3:50  Stalker  
  43  3:52  Probe  
  46  3:57  Assimilator  
  46  3:59  Assimilator, Probe  
  47  4:07  Observer  
  47  4:08  Pylon  
  49  4:10  Probe  
  49  4:11  Probe  
  49  4:14  Forge  
  50  4:24  Robotics Bay  
  50  4:25  Probe x2  
  52  4:36  Observer  
  52  4:37  Probe  
  54  4:39  Probe  
  55  4:50  Probe  
  55  4:51  Stalker, Probe  
  55  4:52  Stalker  
  61  4:53  Pylon  
  61  4:54  Stalker  
  63  5:00  Nexus  
  63  5:02  Probe  
  64  5:11  Probe  
  64  5:13  Colossus (Chrono Boost)  
  65  5:14  Probe  
  72  5:22  Extended Thermal Lance  
  72  5:23  Probe  
  72  5:26  Probe  
  74  5:32  Protoss Ground Weapons Level 1  
  74  5:35  Probe  
  74  5:38  Probe  
  74  5:42  Shield Battery  
  76  5:45  Pylon  
  76  5:47  Pylon  
  76  5:48  Probe  
  77  5:57  Gateway  
  77  5:58  Gateway  
  77  6:00  Probe  
  77  6:03  Colossus (Chrono Boost)  
  84  6:04  Probe  
  85  6:12  Probe  
  85  6:14  Probe  
  85  6:16  Assimilator, Probe  
  88  6:20  Assimilator  
  88  6:24  Probe  
  88  6:25  Pylon  
  89  6:26  Probe  
  89  6:28  Probe  
  91  6:34  Sentry x2  
  91  6:35  Sentry  
  91  6:36  Probe  
  98  6:45  Colossus (Chrono Boost)  
  98  6:46  Probe x2  
  106  6:56  Pylon  
  106  6:57  Probe  
  106  6:58  Pylon  
  107  7:02  Probe  
  107  7:03  Stalker x4  
  116  7:20  Stalker  
  118  7:27  Warp Prism (Chrono Boost)  
  118  7:28  Nexus  
  120  7:30  Protoss Ground Weapons Level 2 (Chrono Boost), Templar Archives  
  120  7:31  Pylon  
  120  7:33  Gateway  
  120  7:35  Gateway  
  120  7:36  Probe  
  121  7:37  Gateway, Probe x2  
  121  7:40  Zealot x4  
  131  7:45  Observer  
  131  7:59  Shield Battery  
  131  8:01  Shield Battery  
  131  8:03  Pylon  
  131  8:04  Pylon  
  131  8:11  High Templar  
  131  8:12  High Templar x3  
  139  8:13  Zealot  
  139  8:18  Gateway  
  139  8:19  Gateway  
  141  8:21  Gateway, Probe x2  
  141  8:22  Probe  
  141  8:23  Gateway  
  141  8:24  Archon  
  141  8:25  Archon  
  141  8:26  Pylon  
  144  8:28  Pylon  
  144  8:29  Zealot  
  146  8:37  Assimilator  
  146  8:40  Probe x3  
  146  8:41  Assimilator, Probe  
  149  8:49  High Templar x2  
  149  8:50  High Templar x2  
  149  8:51  Zealot, High Templar x2  
  149  8:52  Zealot, Probe  
  149  8:54  Archon  
  149  8:55  Archon  
  164  8:56  Archon  
  164  9:03  Charge (Chrono Boost)  
  164  9:08  Pylon  
  164  9:10  Pylon  
  164  9:17  High Templar  
  164  9:18  Zealot x3, High Templar  
  164  9:22  Archon  
  174  9:39  Zealot, High Templar x2, Nexus  
  174  9:40  Zealot x6  
  174  9:41  Pylon, Zealot  
  174  9:42  Pylon  
  174  9:44  Archon  
  194  10:01  Forge  
  194  10:12  Zealot x3  
  200  10:17  Photon Cannon  
  200  10:19  Photon Cannon  
  200  10:21  Photon Cannon  
  200  10:23  Photon Cannon  
  200  10:24  Photon Cannon  
  200  10:28  Photon Cannon  
  200  10:30  Shield Battery  
  200  10:32  Shield Battery  
  200  10:34  Shield Battery  
  200  10:37  Shield Battery  
  200  10:38  Shield Battery  
  200  10:40  Shield Battery  
  200  10:42  Pylon  
  200  10:47  Pylon  
Tags
 
Add a new tag
Caveats
  • Supply blocks, unpowered buildings, or Contaminate may cause inaccurate times.
  • Supply counts are checked every 10 seconds.